 Dungeon Crawl Stone Soup version 0.20-a0-772-g73021bd (webtiles) character file.

13 Theshortone the Firebug (level 2, -2/20 HPs)
             Began as a Hill Orc Fire Elementalist on Feb 27, 2017.
             Slain by a kobold (3 damage)
             ... on level 1 of the Dungeon.
             The game lasted 00:14:10 (1448 turns).

Theshortone the Firebug (HOFE)                      Turns: 1448, Time: 00:14:11

Health: -2/20      AC:  3    Str: 10    XL:     2   Next: 37%
Magic:  1/4        EV: 12    Int: 15    God:
Gold:   51         SH:  0    Dex: 11    Spells: 3/4 levels left

rFire    . . .     SeeInvis .   f - +0 dagger
rCold    . . .     Gourm    .   a - +0 robe
rNeg     . . .     Faith    .   (no shield)
rPois    .         Spirit   .   (no helmet)
rElec    .         Reflect  .   i - +0 cloak
rCorr    .         Harm     .   (no gloves)
MR       .....                  (no boots)
Stlth    ++........             (no amulet)
Regen    0.1/turn               (no ring)
MPRegen  0.1/turn               d - ring of wizardry

@: no status effects
A: no striking features
a: no special abilities


You were on level 1 of the Dungeon.
You were not hungry.

You visited 1 branch of the dungeon, and saw 1 of its levels.

You collected 51 gold pieces.

Inventory:

Hand Weapons
 f - a +0 dagger (weapon)
 g - a +0 club
 h - a +0 club
 l - a +0 short sword
Missiles
 j - 5 stones (quivered)
Armour
 a - a +0 robe (worn)
 i - a +0 cloak (worn)
 m - a +0 chain mail
Jewellery
 d - a ring of wizardry (left hand)
Scrolls
 e - 2 scrolls of magic mapping
Books
 b - a book of Flames

   Spells                             Type                      Level
   a - Flame Tongue                   Conjuration/Fire             1
   b - Throw Flame                    Conjuration/Fire             2
   c - Conjure Flame                  Conjuration/Fire             3
   d - Inner Flame                    Hexes/Fire                   3
   e - Sticky Flame                   Conjuration/Fire             4
   f - Fireball                       Conjuration/Fire             5


   Skills:
 + Level 0.4 Short Blades
 + Level 1.7 Dodging
 + Level 1.6 Stealth
 + Level 0.4 Unarmed Combat
 + Level 1.6 Spellcasting
 + Level 1.0 Conjurations
 + Level 3.7 Fire Magic


You had 3 spell levels left.
You knew the following spells:

 Your Spells              Type           Power        Failure   Level  Hunger
a - Flame Tongue          Conj/Fire      #....        4%          1    ##.....


Dungeon Overview and Level Annotations

Branches:
Dungeon (1/15)

Altars:


Message History

Casting: Flame Tongue
Confirm with . or Enter, or press ? or * to list all spells.
Aiming: Flame Tongue
Press: ? - help, Shift-Dir - straight line The flame tongue hits something.
Something hits you.
* * * LOW HITPOINT WARNING * * *
Casting: Flame Tongue
Confirm with . or Enter, or press ? or * to list all spells.
Aiming: Flame Tongue
Press: ? - help, Shift-Dir - straight line Something barely misses you.
Casting: Flame Tongue
Confirm with . or Enter, or press ? or * to list all spells.
You don't know that spell.
Casting: Flame Tongue
Confirm with . or Enter, or press ? or * to list all spells.
Aiming: Flame Tongue
Press: ? - help, Shift-Dir - straight line The flame tongue hits something.
Something hits you.
You die...

,,,,,*,* ##### ***,,*,* #...#####
*,,*,* #.......# *,,*,*
#.......***** *,,*,*
#......,*,,,********
*,,*,#######...####*,,,**,,,,,,
*,,#.#............#*,.,**,,,,,,
###..#.#............##..,**,,,,,,
.......'........@......),,+,,,,,,
####.#.#......#.{...####***,,,,,,
.....#.########.....#******,,,,**
#.####.......##.....#*,,,,,,,,,**
#.####.......##.....##,,,,,,*,,,,
.............'.......+,,,,,,+,,,,
#.####.......#########,,,,,,*,,,,
#............# *,,,,,,*,,,,
###.############# ****####****


There were no monsters in sight!

Vanquished Creatures
  A dart slug (D:1)
  2 hobgoblins (D:1)
  A bat (D:1)
  2 frilled lizards (D:1)
  2 goblins (D:1)
  3 kobolds (D:1)
  2 rats (D:1)
  2 fungi (D:1)
15 creatures vanquished.

Notes
Turn   | Place    | Note
-------+----------+-------------------------------------------
     0 | D:1      | Theshortone the Hill Orc Fire Elementalist began the quest for the Orb.
     0 | D:1      | Reached XP level 1. HP: 14/14 MP: 3/3
   551 | D:1      | Reached XP level 2. HP: 17/20 MP: 4/4
   769 | D:1      | Learned a level 2 spell: Throw Flame
   874 | D:1      | HP: 1/20 [kobold/short sword (6)]
  1446 | D:1      | HP: 1/20 [something (2)]
  1448 | D:1      | Slain by a kobold

Vault maps used:
D:1:      dpeg_cavernosity

Action                   || total
-------------------------++-------
Melee: Dagger            ||   120
       Unarmed           ||    13
 Cast: Flame Tongue      ||     3
  Use: Scroll            ||     2
 Stab: Sleeping          ||     1
  Eat: Bread ration      ||     1
Armor: Robe              ||    20
Dodge: Dodged            ||    26
